 Dungeon Crawl Stone Soup version 0.30.1-4-g462c640d31 (webtiles) character file.

Game seed: 16602312945036534841

14 Bobit the Charlatan (level 2, -6/23 HPs)
             Began as a Gnoll Wanderer on Aug 17, 2023.
             Mangled by a gnoll
             ... wielding a +0 halberd
              (15 damage)
             ... on level 2 of the Dungeon.
             The game lasted 00:01:10 (743 turns).

Bobit the Charlatan (Gnoll Wanderer)                 Turns: 743, Time: 00:01:10

Health: -6/23      AC:  3    Str: 15    XL:     2   Next: 45%
Magic:  2/2        EV: 11    Int:  9    God:
Gold:   74         SH:  0    Dex:  9    Spells: 1/1 levels left

rFire   . . .        a - +2 hand axe
rCold   . . .        (no shield)
rNeg    . . .        e - +0 leather armour
rPois   .            (no helmet)
rElec   .            (no cloak)
rCorr   .            (no gloves)
SInv    .            (no boots)
Will    .....        k - amulet of the acrobat
Stlth   +            (no ring)
HPRegen 0.23/turn    (no ring)
MPRegen 0.08/turn

%: acrobat
@: no status effects
A: fangs 1, strong nose, distributed training
a: no special abilities


You were on level 2 of the Dungeon.
You visited 1 branch of the dungeon, and saw 2 of its levels.

You collected 74 gold pieces.

Inventory:

Hand Weapons
 a - a +2 hand axe (weapon)
Armour
 e - a +0 leather armour (worn)
Jewellery
 k - an amulet of the acrobat (around neck)
Wands
 c - a wand of flame (4) (quivered)
Scrolls
 f - a scroll of torment {unknown}
 h - a scroll of enchant armour {unknown}
 i - a scroll of teleportation {unknown}
 j - a scroll of immolation {unknown}
 m - a scroll of blinking {unknown}
Potions
 b - a potion of curing
 d - 2 potions of brilliance
 g - a potion of resistance {unknown}
 l - a potion of degeneration {unknown}


   Skills:
 + Level 2.5 Fighting
 + Level 0.4 Short Blades
 + Level 0.4 Long Blades
 + Level 4.5 Axes
 + Level 0.4 Maces & Flails
 + Level 0.4 Polearms
 + Level 0.4 Staves
 + Level 0.4 Ranged Weapons
 + Level 0.4 Throwing
 + Level 2.5 Armour
 + Level 2.5 Dodging
 + Level 0.4 Stealth
 + Level 0.4 Shields
 + Level 4.5 Unarmed Combat
 + Level 0.4 Spellcasting
 + Level 0.2 Conjurations
 + Level 0.2 Hexes
 + Level 0.2 Summonings
 + Level 0.2 Necromancy
 + Level 0.2 Translocations
 + Level 0.2 Transmutations
 + Level 0.2 Fire Magic
 + Level 0.2 Ice Magic
 + Level 0.2 Air Magic
 + Level 0.2 Earth Magic
 + Level 0.2 Poison Magic
 + Level 0.5 Invocations
 + Level 6.5 Evocations


You had one spell level left.
You didn't know any spells.
Your spell library was empty.

Dungeon Overview and Level Annotations

Branches:
Dungeon (2/15)

Altars:


Innate Abilities, Weirdness & Mutations

You have very sharp teeth.
Your uncanny sense of smell can sniff out nearby items.
Your experience applies equally to all skills.


Message History

No target in view!
Found a stone staircase leading down.
A goblin and a gnoll come into view.
The gnoll shouts!
The goblin shouts!
You hear a shout! x2
You hear an angry hiss.
A hobgoblin comes into view.
There are monsters nearby!
A gnoll comes into view. It is wielding a +0 whip.
The gnoll shouts!
An adder comes into view.
The goblin hits you but does no damage. The gnoll misses you.
You miss the goblin. The goblin hits you with a +0 dagger.
The gnoll hits you from afar with a +0 halberd!
Ouch! That really hurt!
You are too injured to fight recklessly!
You are too injured to fight recklessly!
You are too injured to fight recklessly!
You are too injured to fight recklessly!
You are too injured to fight recklessly!
You are too injured to fight recklessly!
You are too injured to fight recklessly!
You are too injured to fight recklessly!
You are too injured to fight recklessly!
You are too injured to fight recklessly!
You are too injured to fight recklessly!
You are too injured to fight recklessly!
You are too injured to fight recklessly!
You are too injured to fight recklessly!
You are too injured to fight recklessly!
Unknown command.
The goblin attacks as you move away! The goblin hits you with a +0 dagger.
The goblin attacks as you move away! The goblin hits you with a +0 dagger.
A gnoll comes into view. It is wielding a +0 halberd.
The goblin attacks as you move away! The goblin hits you but does no damage.
Found a stone staircase leading up.
There is a stone staircase leading down here.
The goblin hits you but does no damage.
The gnoll hits you from afar with a +0 halberd!
Ouch! That really hurt!
You die...

### ....S######
....gg....#
##########g#
.#......#.#g#
.......@g.#.#
<#.####.#g#.#
#....g.....#
...###.#...#
..........####
#.#.##...#....#
...[....####.#
∆
...#..######.#
. #.........#


You could see 2 gnolls and a goblin.

Vanquished Creatures
  3 endoplasms
  A giant cockroach (D:1)
  A goblin (D:1)
  A kobold (D:1)
  A quokka (D:2)
  2 ball pythons (D:1)
  2 bats (D:1)
  2 frilled lizards (D:1)
  A rat (D:1)
14 creatures vanquished.

Notes
Turn   | Place    | Note
-------+----------+-------------------------------------------
     0 | D:1      | Bobit the Gnoll Wanderer began the quest for the Orb.
     0 | D:1      | Bobit set off with the following items: a +2 hand axe, a
                  | potion of curing, a wand of flame (4), a potion of
                  | brilliance, a +0 leather armour.
     0 | D:1      | Reached XP level 1. HP: 17/17 MP: 1/1
   353 | D:1      | Reached XP level 2. HP: 23/23 MP: 2/2
   743 | D:2      | Mangled by a gnoll

Illustrated notes

Levels and vault maps discovered:
D:1:      spicycebolla_arrival_clurvy, layout_loops_ring, columned_hall_lemuel,
          minmay_split_cup_large
D:2:      layout_basic, chequers_ecumenical_altar_lobes, basic_altar, uniq_robin

Action                     || total
---------------------------++-------
  Melee: Hand axe          ||    21
         Punch             ||     2
 Armour: Leather armour    ||     9
  Dodge: Dodged            ||    14
